HSSL
TULSA HS AS @ TACOMA HS TORCHMEN
04/12/2026
 
TOP OF THE 1ST
Tulsa HS As batting - Pitching for Tacoma HS Torchmen : RHP Miguel De La Parra
Pitching: RHP Miguel De La Parra
Batting: RHB Alexis Peters 0-0: Foul Ball, location: 2F
0-1: Swinging Strike
0-2: Hit by Pitch
Batting: RHB Joe Lord 0-0: Ball
1-0: Called Strike
1-1: Foul Ball, location: 2F
1-2: Ball
2-2: Ball
3-2: Strikes out swinging
Batting: RHB Ben Kearley 0-0: Called Strike
0-1: Ball
1-1: Fly out, F8 (Flyball, 8RM)
Batting: LHB Ed Ballard 0-0: Called Strike
0-1: Called Strike
0-2: Ball
1-2: Ball
2-2: Strikes out looking
Top of the 1st over - 0 run(s), 0 hit(s), 0 error(s), 1 left on base; Tulsa HS 0 - Tacoma HS 0
BOTTOM OF THE 1ST
Tacoma HS Torchmen batting - Pitching for Tulsa HS As : RHP Enrique Boyd
Pitching: RHP Enrique Boyd
Batting: RHB Cristián Ortega 0-0: SINGLE (Line Drive, 89M)
Batting: RHB Ray Bray 0-0: Ball
Cristián Ortega steals 2nd base
1-0: Ball
2-0: Foul Ball, location: 2F
2-1: Swinging Strike
2-2: Foul Ball, location: 2F
2-2: Strikes out swinging
Batting: LHB Larry Estes 0-0: Called Strike
0-1: Ball
1-1: 2-RUN HOME RUN (Flyball, 9D), Distance : 371 ft
Batting: RHB Harold Allen 0-0: Ball
1-0: Foul Ball, location: 2F
1-1: Swinging Strike
1-2: Ground out 4-3 (Groundball, 4)
Batting: RHB Edison Jones 0-0: Swinging Strike
0-1: SINGLE (Line Drive, 56D)
Batting: RHB Kel Turner 0-0: Foul Ball, location: 2F
0-1: Ball
1-1: Foul Ball, location: 2F
1-2: Ball
2-2: Ball
3-2: Foul Ball, location: 2F
3-2: Base on Balls
Edison Jones to second
Batting: LHB Terry Ives 0-0: Ball
1-0: Ball
2-0: Fielders Choice at 2nd, 6-4 (Groundball, 6)
Bottom of the 1st over - 2 run(s), 3 hit(s), 0 error(s), 1 left on base; Tulsa HS 0 - Tacoma HS 2
TOP OF THE 2ND
Tulsa HS As batting - Pitching for Tacoma HS Torchmen : RHP Miguel De La Parra
Batting: RHB Rob Turner 0-0: Called Strike
0-1: Ball
1-1: Called Strike
1-2: Foul Ball, location: 2F
1-2: Strikes out swinging
Batting: SHB Walt Gómez 0-0: Ball
1-0: Ball
2-0: Swinging Strike
2-1: Foul Ball, location: 2F
2-2: Foul Ball, location: 2F
2-2: Ball
3-2: Base on Balls
Batting: SHB Jacob Wilcox 0-0: Swinging Strike
0-1: Called Strike
0-2: Foul Ball, location: 2F
0-2: Ball
1-2: Foul Ball, location: 2F
1-2: Strikes out looking
Batting: RHB Spencer Pritchett 0-0: Ball
1-0: Ball
2-0: Ball
3-0: Called Strike
3-1: Base on Balls
Walt Gómez to second
Batting: RHB Jeff Moore 0-0: Fielders Choice at 2nd, 6-4 (Groundball, 6)
Top of the 2nd over - 0 run(s), 0 hit(s), 0 error(s), 1 left on base; Tulsa HS 0 - Tacoma HS 2
BOTTOM OF THE 2ND
Tacoma HS Torchmen batting - Pitching for Tulsa HS As : RHP Enrique Boyd
Batting: RHB Dave MacGruder 0-0: Ball
1-0: Ball
2-0: Ball
3-0: Called Strike
3-1: Foul Ball, location: 2F
3-2: Strikes out swinging
Batting: RHB Scotty Sherman 0-0: Ground out 4-3 (Groundball, 4)
Batting: RHB Cristián Ortega 0-0: Fly out, F1 (Line Drive, 13)
Bottom of the 2nd over - 0 run(s), 0 hit(s), 0 error(s), 0 left on base; Tulsa HS 0 - Tacoma HS 2
TOP OF THE 3RD
Tulsa HS As batting - Pitching for Tacoma HS Torchmen : RHP Miguel De La Parra
Batting: RHB Alexis Peters 0-0: DOUBLE (Flyball, 78M)
Batting: RHB Joe Lord 0-0: Swinging Strike
0-1: Foul Ball, location: 2F
0-2: SINGLE (Line Drive, 4MD)
Alexis Peters to third
Batting: RHB Ben Kearley 0-0: Ball
1-0: SINGLE (Groundball, 6D)
Alexis Peters scores
Joe Lord to second
Batting: LHB Ed Ballard 0-0: Fly out, F9 (Popup, 34D)
Batting: RHB Rob Turner 0-0: Ball
1-0: Ball
2-0: Ball
3-0: Called Strike
3-1: Called Strike
3-2: Fly out, F8 (Flyball, 8LM)
Batting: SHB Walt Gómez 0-0: Ball
1-0: Called Strike
1-1: Ball
2-1: Swinging Strike
2-2: Strikes out swinging
Top of the 3rd over - 1 run(s), 3 hit(s), 0 error(s), 2 left on base; Tulsa HS 1 - Tacoma HS 2
BOTTOM OF THE 3RD
Tacoma HS Torchmen batting - Pitching for Tulsa HS As : RHP Enrique Boyd
Batting: RHB Ray Bray 0-0: Swinging Strike
0-1: Foul Ball, location: 2F
0-2: Ball
1-2: Strikes out swinging
Batting: LHB Larry Estes 0-0: Ground out 6-3 (Groundball, 6M)
Batting: RHB Harold Allen 0-0: Called Strike
0-1: Called Strike
0-2: Ball
1-2: Fly out, F8 (Flyball, 78M)
Bottom of the 3rd over - 0 run(s), 0 hit(s), 0 error(s), 0 left on base; Tulsa HS 1 - Tacoma HS 2
TOP OF THE 4TH
Tulsa HS As batting - Pitching for Tacoma HS Torchmen : RHP Miguel De La Parra
Batting: SHB Jacob Wilcox 0-0: Swinging Strike
0-1: Ball
1-1: Called Strike
1-2: Fly out, F7 (Flyball, 7M)
Batting: RHB Spencer Pritchett 0-0: Ball
1-0: Ball
2-0: Ball
3-0: Foul Ball, location: 2F
3-1: Base on Balls
Batting: RHB Jeff Moore 0-0: Foul Ball, location: 2F
0-1: Swinging Strike
0-2: Strikes out looking
Batting: RHB Alexis Peters 0-0: Ball
1-0: Ground out 1-3 (Groundball, 13S)
Top of the 4th over - 0 run(s), 0 hit(s), 0 error(s), 1 left on base; Tulsa HS 1 - Tacoma HS 2
BOTTOM OF THE 4TH
Tacoma HS Torchmen batting - Pitching for Tulsa HS As : RHP Enrique Boyd
Batting: RHB Edison Jones 0-0: Called Strike
0-1: Ball
1-1: Foul Ball, location: 2F
1-2: Foul Ball, location: 2F
1-2: Ball
2-2: SINGLE (Groundball, 5D)
Batting: RHB Kel Turner 0-0: Ball
1-0: Ball
2-0: Ball
3-0: Called Strike
3-1: Foul Ball, location: 2F
3-2: Base on Balls
Edison Jones to second
Batting: LHB Terry Ives 0-0: Foul Ball, location: 2F
0-1: Ball
1-1: Ball
2-1: Called Strike
2-2: Ground out U3 (Groundball, 3S)
Edison Jones to third
Kel Turner to second
Batting: RHB Dave MacGruder 0-0: 3-RUN HOME RUN (Flyball, 78XD), Distance : 398 ft
Batting: RHB Scotty Sherman 0-0: Ball
1-0: Foul Ball, location: 2F
1-1: Ball
2-1: Ball
3-1: Base on Balls
Batting: RHB Cristián Ortega 0-0: Hit by Pitch
Scotty Sherman to second
Batting: RHB Ray Bray 0-0: Called Strike
0-1: Ball
1-1: SINGLE (Line Drive, 7S)
Scotty Sherman to third
Cristián Ortega to second
Runner from 3rd tries for Home, SAFE, throw made home
Cristián Ortega to third
Ray Bray to second
Batting: LHB Larry Estes 0-0: Ball
Wild Pitch!
Cristián Ortega scores
Ray Bray to third
1-0: Foul Ball, location: 2F
1-1: Foul Ball, location: 2F
1-2: Strikes out swinging
Pitching: LHP Bill Howard
Batting: RHB Harold Allen 0-0: Called Strike
0-1: Swinging Strike
0-2: SINGLE (Line Drive, 89M)
Ray Bray scores
Batting: RHB Edison Jones 0-0: Ball
Wild Pitch!
Harold Allen to second
1-0: Swinging Strike
1-1: Ball
2-1: Ball
3-1: Swinging Strike
3-2: Base on Balls
Batting: RHB Kel Turner 0-0: Called Strike
0-1: Fly out, F8 (Flyball, 8LM)
Bottom of the 4th over - 6 run(s), 4 hit(s), 0 error(s), 2 left on base; Tulsa HS 1 - Tacoma HS 8
TOP OF THE 5TH
Tulsa HS As batting - Pitching for Tacoma HS Torchmen : RHP Miguel De La Parra
Batting: RHB Joe Lord 0-0: Ball
1-0: Called Strike
1-1: Ball
2-1: Ball
3-1: Foul Ball, location: 2F
3-2: SOLO HOME RUN (Flyball, 7D), Distance : 363 ft
Batting: RHB Ben Kearley 0-0: SINGLE (Groundball, 6MD)
Pitching: RHP Eric Wallace
Batting: LHB Ed Ballard 0-0: Called Strike
0-1: Ball
1-1: Ball
2-1: Ball
3-1: Fly out, F8 (Flyball, 8RD)
Batting: RHB Rob Turner 0-0: Ball
1-0: Ball
2-0: Ball
3-0: Base on Balls
Ben Kearley to second
Batting: SHB Walt Gómez 0-0: Ball
1-0: Called Strike
1-1: Called Strike
1-2: Strikes out swinging
Batting: SHB Jacob Wilcox 0-0: Called Strike
0-1: Ball
1-1: Ball
2-1: Ball
3-1: Swinging Strike
3-2: Foul Ball, location: 2F
3-2: Strikes out swinging
Top of the 5th over - 1 run(s), 2 hit(s), 0 error(s), 2 left on base; Tulsa HS 2 - Tacoma HS 8
BOTTOM OF THE 5TH
Tacoma HS Torchmen batting - Pitching for Tulsa HS As : LHP Bill Howard
Batting: LHB Terry Ives 0-0: Called Strike
0-1: Foul Ball, location: 2F
0-2: Foul Ball, location: 2F
0-2: Strikes out swinging
Batting: RHB Dave MacGruder 0-0: Ball
1-0: Ball
2-0: Ball
3-0: Base on Balls
Batting: RHB Scotty Sherman 0-0: Foul Ball, location: 2F
0-1: Called Strike
0-2: Foul Ball, location: 2F
0-2: Ball
1-2: Strikes out looking
Batting: RHB Cristián Ortega 0-0: SINGLE (Line Drive, 4D)
Dave MacGruder to second
Batting: RHB Ray Bray 0-0: Called Strike
0-1: Foul Ball, location: 2F
0-2: Strikes out swinging
Bottom of the 5th over - 0 run(s), 1 hit(s), 0 error(s), 2 left on base; Tulsa HS 2 - Tacoma HS 8
TOP OF THE 6TH
Tulsa HS As batting - Pitching for Tacoma HS Torchmen : RHP Eric Wallace
Batting: RHB Spencer Pritchett 0-0: Called Strike
0-1: Ball
1-1: Called Strike
1-2: Foul Ball, location: 2F
1-2: Strikes out swinging
Batting: RHB Jeff Moore 0-0: Foul Ball, location: 2F
0-1: Foul Ball, location: 2F
0-2: Ball
1-2: Ball
2-2: Ball
3-2: Base on Balls
Batting: RHB Alexis Peters 0-0: Ball
1-0: Grounds into double play, 5-4-3 (Groundball, 56)
Top of the 6th over - 0 run(s), 0 hit(s), 0 error(s), 0 left on base; Tulsa HS 2 - Tacoma HS 8
BOTTOM OF THE 6TH
Tacoma HS Torchmen batting - Pitching for Tulsa HS As : LHP Bill Howard
Batting: LHB Larry Estes 0-0: Called Strike
0-1: Foul Ball, location: 2F
0-2: Foul Ball, location: 2F
0-2: Ball
1-2: Foul Ball, location: 2F
1-2: Ball
2-2: Foul Ball, location: 2F
2-2: Foul Ball, location: 2F
2-2: Foul Ball, location: 2F
2-2: Fly out, F6 (Popup, 8LS)
Batting: RHB Harold Allen 0-0: Ground out 5-3 (Groundball, 5S)
Batting: RHB Edison Jones 0-0: Ball
1-0: Foul Ball, location: 2F
1-1: Ball
2-1: Called Strike
2-2: Foul Ball, location: 2F
2-2: Strikes out swinging
Bottom of the 6th over - 0 run(s), 0 hit(s), 0 error(s), 0 left on base; Tulsa HS 2 - Tacoma HS 8
TOP OF THE 7TH
Tulsa HS As batting - Pitching for Tacoma HS Torchmen : RHP Eric Wallace
Pitching: LHP Enrique Movonda
Batting: RHB Joe Lord 0-0: SINGLE (Groundball, 6M)
Batting: RHB Ben Kearley 0-0: Ball
1-0: Ball
2-0: Ball
3-0: Called Strike
3-1: SINGLE (Line Drive, 34)
Joe Lord to second
Batting: LHB Ed Ballard 0-0: Called Strike
0-1: Foul Ball, location: 2F
0-2: Strikes out looking
Batting: RHB Rob Turner 0-0: Ball
1-0: Foul Ball, location: 2F
1-1: Called Strike
1-2: Grounds into double play, U4-3 (Groundball, 4)
Top of the 7th over - 0 run(s), 2 hit(s), 0 error(s), 1 left on base; Tulsa HS 2 - Tacoma HS 8
BOTTOM OF THE 7TH
Tacoma HS Torchmen batting - Pitching for Tulsa HS As : LHP Bill Howard
Pitching: LHP Keith Case
Batting: RHB Kel Turner 0-0: Swinging Strike
0-1: Foul Ball, location: 2F
0-2: Strikes out looking
Batting: LHB Terry Ives 0-0: Called Strike
0-1: Called Strike
0-2: Ball
1-2: Ball
2-2: Foul Ball, location: 2F
2-2: Ball
3-2: Base on Balls
Batting: RHB Dave MacGruder 0-0: Called Strike
0-1: Ball
1-1: Ball
2-1: Fly out, F2 (Popup, 2RF)
Batting: RHB Scotty Sherman 0-0: Swinging Strike
0-1: Called Strike
0-2: DOUBLE (Line Drive, 7LM)
Terry Ives to third
Batting: RHB Cristián Ortega 0-0: Fly out, F8 (Flyball, 8RM)
Bottom of the 7th over - 0 run(s), 1 hit(s), 0 error(s), 2 left on base; Tulsa HS 2 - Tacoma HS 8
TOP OF THE 8TH
Tulsa HS As batting - Pitching for Tacoma HS Torchmen : LHP Enrique Movonda
Batting: SHB Walt Gómez 0-0: Called Strike
0-1: Fly out, F9 (Flyball, 89M)
Batting: SHB Jacob Wilcox 0-0: Foul Ball, location: 2F
0-1: Ball
1-1: Foul Ball, location: 2F
1-2: Foul Ball, location: 2F
1-2: Foul Ball, location: 2F
1-2: Strikes out swinging
Batting: RHB Spencer Pritchett 0-0: Ball
1-0: Ball
2-0: Called Strike
2-1: Swinging Strike
2-2: Strikes out looking
Top of the 8th over - 0 run(s), 0 hit(s), 0 error(s), 0 left on base; Tulsa HS 2 - Tacoma HS 8
BOTTOM OF THE 8TH
Tacoma HS Torchmen batting - Pitching for Tulsa HS As : LHP Keith Case
Batting: RHB Ray Bray 0-0: Ball
1-0: Swinging Strike
1-1: Foul Ball, location: 2F
1-2: Ball
2-2: Ball
3-2: Strikes out looking
Batting: LHB Larry Estes 0-0: Called Strike
0-1: Ball
1-1: Ball
2-1: Ball
3-1: Base on Balls
Batting: RHB Harold Allen 0-0: Ball
1-0: Ball
Wild Pitch!
Larry Estes to second
2-0: Ball
3-0: Called Strike
3-1: Fly out, F9 (Flyball, 89M)
Batting: RHB Edison Jones 0-0: Ball
1-0: Foul Ball, location: 2F
1-1: Swinging Strike
1-2: Foul Ball, location: 2F
1-2: Ball
2-2: Foul Ball, location: 2F
2-2: Reached on error, E6 (Groundball, 6MS)
Larry Estes scores
Batting: RHB Kel Turner 0-0: SINGLE (Groundball, 6) (infield hit)
Edison Jones to third
Batting: LHB Terry Ives 0-0: Called Strike
0-1: Ball
1-1: Ground out 4-3 (Groundball, 4)
Bottom of the 8th over - 1 run(s), 1 hit(s), 1 error(s), 2 left on base; Tulsa HS 2 - Tacoma HS 9
TOP OF THE 9TH
Tulsa HS As batting - Pitching for Tacoma HS Torchmen : LHP Enrique Movonda
Batting: RHB Jeff Moore 0-0: Ball
1-0: Called Strike
1-1: Ball
2-1: Ground out 5-3 (Groundball, 5)
Batting: RHB Alexis Peters 0-0: Ball
1-0: Foul Ball, location: 2F
1-1: Ball
2-1: Foul Ball, location: 2F
2-2: Reached on error, E5 (Groundball, 5S)
Batting: RHB Joe Lord 0-0: Ball
1-0: Swinging Strike
1-1: Ball
2-1: Foul Ball, location: 2F
2-2: Ball
3-2: Foul Ball, location: 2F
3-2: Foul Ball, location: 2F
3-2: Foul Ball, location: 2F
3-2: Foul Ball, location: 2F
3-2: SINGLE (Line Drive, 7S)
Alexis Peters to second
Batting: RHB Ben Kearley 0-0: Ball
1-0: Ball
2-0: Swinging Strike
2-1: Foul Ball, location: 2F
2-2: Fly out, F7 (Popup, 7LS)
Batting: LHB Ed Ballard 0-0: Swinging Strike
0-1: Ground out 1-3 (Groundball, 23)
Top of the 9th over - 0 run(s), 1 hit(s), 1 error(s), 2 left on base; Tulsa HS 2 - Tacoma HS 9
Monday, December 5th, 2016 - OOTP Baseball 17.12 Build 75